 Dungeon Crawl Stone Soup version 0.27-a0-1548-gf8a67e7463 (webtiles) character file.

Game seed: 18210952529624924546

32 elagabalus the Cudgeller (level 3, 29/29 HPs)
             Began as a Demonspawn Abyssal Knight on July 13, 2021.
             Was a Follower of Lugonu.
             Quit the game on level 1 of the Dungeon.
             The game lasted 00:07:05 (714 turns).

elagabalus the Cudgeller (Demonspawn Abyssal Knight) Turns: 714, Time: 00:07:06

Health: 29/29      AC:  6    Str: 13    XL:     3   Next: 8%
Magic:  1/1        EV: 15    Int: 13    God:    Lugonu [*.....]
Gold:   43         SH:  4    Dex: 12    Spells: 2/2 levels left

rFire    . . .     SeeInvis .   i - +1 mace (antimagic)
rCold    . . .     Faith    .   (no shield)
rNeg     . . .     Spirit   .   b - +0 leather armour
rPois    .         Reflect  .   (no helmet)
rElec    .         Harm     .   (no cloak)
rCorr    .         Rampage  .   (no gloves)
Will     .....                  f - +2 pair of boots
Stlth    +.........             (no amulet)
HPRegen  0.09/turn              e - +4 ring of evasion
MPRegen  0.07/turn              (no ring)

@: no status effects
A: condensation shield
a: Renounce Religion, Depart the Abyss


You were on level 1 of the Dungeon.
You worshipped Lugonu.
Lugonu was aware of your devotion.
You visited 1 branch of the dungeon, and saw 1 of its levels.
You visited the Abyss 1 time.

You collected 43 gold pieces.

Inventory:

Hand Weapons
 a - a +1 mace
 i - a +1 antimagic mace (weapon)
 n - a +0 whip
Missiles
 c - 20 arrows
 d - 22 stones
 m - 18 bolts
Armour
 b - a +0 leather armour (worn)
 f - a +2 pair of boots (worn)
Jewellery
 e - a +4 ring of evasion (left hand)
Scrolls
 j - a scroll of identify {unknown}
 k - a scroll of amnesia {unknown}
 l - a scroll of magic mapping {unknown}
Potions
 g - a potion of lignification {unknown}
 h - a potion of curing {unknown}


   Skills:
 - Level 3.0 Fighting
 + Level 3.1 Maces & Flails
 - Level 1.7 Armour
 - Level 0.8 Dodging
 + Level 0.4 Shields
 - Level 2.4 Invocations


You had 2 spell levels left.
You didn't know any spells.
Your spell library was empty.

Dungeon Overview and Level Annotations

Branches:
Dungeon (1/15)

Altars:


Innate Abilities, Weirdness & Mutations

A meltable shield of frost defends you. (SH +4)


Message History

A kobold comes into view. It is wielding a +0 whip.
The kobold shouts!
You closely miss the kobold. The kobold hits you with a +0 whip.
You hit the kobold but do no damage. The kobold closely misses you. x2
You barely miss the kobold. The kobold closely misses you.
You hit the kobold.
The kobold is moderately wounded.
The kobold hits you but does no damage.
You completely miss the kobold.
The kobold is moderately wounded.
The kobold misses you.
You barely miss the kobold.
The kobold is moderately wounded.
The kobold closely misses you. x2
You hit the kobold but do no damage.
The kobold is moderately wounded.
You block the kobold's attack.
You closely miss the kobold.
The kobold is moderately wounded.
The kobold hits you but does no damage.
You closely miss the kobold.
The kobold is moderately wounded.
The kobold misses you. The kobold closely misses you.
You hit the kobold.
You kill the kobold!
Lugonu accepts your kill.
d - 22 stones (gained 1)
You see here a +0 whip.
Drop what? 13/52 slots (_ for help) (? for menu, Esc to quit)
Okay, then.
n - a +0 whip A giant cockroach comes into view.
You closely miss the giant cockroach. The giant cockroach misses you.
The giant cockroach completely misses you.
You sock the giant cockroach!
You kill the giant cockroach!
Lugonu accepts your kill.
You see here a giant cockroach corpse.
You see here a giant cockroach corpse.
Are you sure you want to abandon this character and quit the game? (Confirm with "yes".)

#####'### #.# ####)#### #.......#
#.......# ###########.......#
..................#
#################################
................@...............#
..###########################.###
### #........†.......# #.#
#.################ #.# #.# #.#
#.# #.# #.# #.#
#.#######################.#
#.........................#


There were no monsters in sight!

Vanquished Creatures
  2 dart slugs (D:1)
  A ball python (D:1)
  An endoplasm (D:1)
  4 giant cockroaches (D:1)
  3 goblins (D:1)
  2 hobgoblins (D:1)
  4 jackals (D:1)
  2 quokkas (D:1)
  A bat (D:1)
  A kobold (D:1)
  2 rats (D:1)
23 creatures vanquished.

Notes
Turn   | Place    | Note
-------+----------+-------------------------------------------
     0 | Abyss:1  | elagabalus the Demonspawn Abyssal Knight began the quest
                  | for the Orb.
     0 | Abyss:1  | Reached XP level 1. HP: 18/18 MP: 2/2
    30 | Abyss:1  | Noticed a wretched star
    35 | D:1      | Escaped the Abyss
   180 | D:1      | Gained mutation: A meltable shield of frost defends you.
                  | (SH +4) [demonic ancestry]
   180 | D:1      | Reached XP level 2. HP: 17/24 MP: 1/3
   243 | D:1      | Reached * piety under Lugonu
   441 | D:1      | Reached XP level 3. HP: 28/29 MP: 1/4
   714 | D:1      | Quit the game

Illustrated notes

Levels and vault maps discovered:
D:1:      dpeg_arrival_water_temple_mockup, layout_basic

Skill      XL: |  1  2 |
---------------+-------+-----
Maces & Flails | 2 3 |  3.1
Fighting       | |  3.0
Armour         | |  1.7
Dodging        | |  0.8
Shields        | |  0.4
Invocations    | |  2.4

Action                   || total
-------------------------++-------
Melee: Mace              ||    83
Invok: Depart the Abyss  ||     1
Armor: Leather armour    ||    18
Dodge: Dodged            ||    63
Block: Other             ||    10

Table legend: (Time is in decaauts)
 A = Elapsed time spent in this place.
 B = Non-inter-level travel time spent in this place.
 C = Inter-level travel time spent in this place.
 D = Time resting spent in this place.
 E = Time spent auto-exploring this place.
 F = Levels seen in this place.
 G = Mean time per level.
                   A        B        C        D        E       F      G
               +--------+--------+--------+--------+--------+-----+--------+
         Total |    734 |    245 |    489 |      0 |      0 |   2 |  367.0 |
       Dungeon |    699 |    210 |    489 |      0 |      0 |   1 |  699.0 |
         Abyss |     35 |     35 |      0 |      0 |      0 |   1 |   35.0 |
               +--------+--------+--------+--------+--------+-----+--------+

Top non-repeatable levels by time:
     D:1: 699 daAuts
 Abyss:1: 35 daAuts
